 Dungeon Crawl Stone Soup version 0.31-a0-102-g33a4ccc0cb (webtiles) character file.

Game seed: 13086583797923848444

145 mopl the Vexing (level 5, -5/29 HPs)
             Began as a Deep Elf Enchanter on May 26, 2023.
             Slain by a black bear (10 damage)
             ... on level 4 of the Dungeon.
             The game lasted 00:03:07 (2156 turns).

mopl the Vexing (Deep Elf Enchanter)                Turns: 2156, Time: 00:03:08

Health: -5/29      AC:  7    Str:  5    XL:     5   Next: 6%
Magic:  6/13       EV: 12    Int: 22    God:
Gold:   138        SH:  0    Dex: 15    Spells: 4/12 levels left

rFire   . . .        a - +1 dagger
rCold   . . .        p - orb {light}
rNeg    . . .        b - +0 robe
rPois   .            (no helmet)
rElec   .            k - +0 cloak
rCorr   .            (no gloves)
SInv    .            (no boots)
Will    .....        (no amulet)
Stlth   +            l - +4 ring of protection
HPRegen 0.24/turn    (no ring)
MPRegen 0.13/turn

%: no passive effects
@: confusing by touch, glowing
A: no striking features
a: no special abilities


You were on level 4 of the Dungeon.
You visited 1 branch of the dungeon, and saw 4 of its levels.

You collected 138 gold pieces.

Inventory:

Hand Weapons
 a - a +1 dagger (weapon)
Missiles
 h - 2 poisoned darts
Armour
 b - a +0 robe (worn)
 g - a +0 tower shield
 k - a +0 cloak (worn)
 p - an orb of light (worn)
Jewellery
 l - a +4 ring of protection (left hand)
Scrolls
 d - a scroll of poison {unknown}
 e - 5 scrolls of identify {unknown}
 f - a scroll of blinking {unknown}
 i - 2 scrolls of fear {unknown}
 j - a scroll of immolation {unknown}
 n - 2 scrolls of magic mapping {unknown}
Potions
 c - 2 potions of invisibility
 m - a potion of heal wounds {unknown}
 o - a potion of magic {unknown}
 q - a potion of mutation {unknown}
 r - a potion of curing {unknown}


   Skills:
 + Level 1.5 Fighting
 + Level 2.2 Short Blades
 - Level 2.4 Dodging
 + Level 4.6 Stealth
 + Level 4.1 Spellcasting
 + Level 4.9 Hexes


You had 4 spell levels left.
You knew the following spells:

 Your Spells              Type           Power      Damage    Failure   Level
b - Ensorcelled Hibernat  Hex/Ice        26%        N/A       8%          2
c - Confusing Touch       Hex            26%        N/A       4%          3
d - Tukima's Dance        Hex            26%        N/A       4%          3

Your spell library contained the following spells:

 Spells                   Type           Power      Damage    Failure   Level
 Dazzling Flash           Conj/Hex       26%        N/A       14%         3
 Cause Fear               Hex            13%        N/A       14%         4
 Gell's Gravitas          Tloc           4%         N/A       32%         3
 Teleport Other           Tloc           4%         N/A       32%         3
 Stone Arrow              Conj/Erth      4%         3d7       38%         3
 Anguish                  Hex/Necr       6%         N/A       43%         4
 Animate Armour           Summ/Erth      4%         N/A       80%         4
 Dispersal                Tloc           2%         N/A       100%        6
 Enfeeble                 Hex            13%        N/A       100%        7
 Lehudib's Crystal Spear  Conj/Erth      1%         10d2      100%        8


Dungeon Overview and Level Annotations

Branches:
Dungeon (4/15)
 Temple: D:4-7

Altars:
Nemelex Xobeh
Qazlal
Wu Jian


Message History

The black bear moves out of view.
Magic restored.
The black bear resists with some effort.
Casting: Ensorcelled Hibernation (safe; 8% risk of failure)
Confirm with . or Enter, or press ? or * to list all spells.
Aiming: Ensorcelled Hibernation (safe; 8% risk of failure)
Press: ? - help, Shift-Dir - straight line, f/p - black bear
Aim: a black bear (chance to affect: 47%)
The black bear looks drowsy...
You start resting.
Magic restored.
The black bear growls angrily.
The black bear resists with some effort.
The black bear closely misses you.
The black bear claws you but does no damage. x2
The black bear looks drowsy...
The helpless black bear fails to defend itself.
You impale the black bear!!
The black bear is almost dead.
The black bear goes berserk!
You aren't carrying any items that you can evoke.
Unknown command.
Casting: Ensorcelled Hibernation (safe; 8% risk of failure)
Confirm with . or Enter, or press ? or * to list all spells.
Your hands begin to glow red.
The black bear bites you! The black bear claws you.
The black bear claws you but does no damage.
The black bear closely misses you.
The black bear claws you but does no damage.
The black bear claws you.
You hit the black bear but do no damage.
The black bear is almost dead.
The black bear bites you!
* * * LOW HITPOINT WARNING * * *
The black bear claws you but does no damage.
The black bear misses you.
You barely miss the black bear.
The black bear is almost dead.
The black bear bites you!
You die...

###....... #...........
#..........# .
#........... .# .
#......... ..# ...
#......... ..
#.#####......####.#
#.......@h........#.#
..#....#...........#
#.#......##[.#######
#.#.#....##.##
######.#.#....#..#
#.....<..†....#.###...
........................
.####.._..####..####....
......................


You could see a black bear (berserk).

Vanquished Creatures
  Natasha (thrice) (D:3)
  2 adders
  A worm (D:2)
  A dart slug (D:3)
  A ball python (D:3)
  5 bats
  4 endoplasms
  4 giant cockroaches
  8 goblins
  3 hobgoblins
  2 jackals (D:1)
  3 quokkas (D:3)
  2 frilled lizards (D:2)
  5 kobolds
  5 rats
49 creatures vanquished.

Notes
Turn   | Place    | Note
-------+----------+-------------------------------------------
     0 | D:1      | mopl the Deep Elf Enchanter began the quest for the Orb.
     0 | D:1      | Reached XP level 1. HP: 10/10 MP: 6/6
   178 | D:1      | Reached XP level 2. HP: 15/16 MP: 8/8
   181 | D:1      | Learned a level 2 spell: Ensorcelled Hibernation
   311 | D:1      | Found a faded altar of an unknown god.
   845 | D:2      | Reached skill level 4 in Stealth
   845 | D:2      | Reached XP level 3. HP: 20/20 MP: 9/9
   849 | D:2      | Learned a level 3 spell: Confusing Touch
   853 | D:2      | Learned a level 3 spell: Tukima's Dance
  1393 | D:3      | Reached skill level 1 in Fighting
  1563 | D:3      | Found an ornate altar of the Wu Jian Council.
  1683 | D:3      | Noticed Natasha
  1688 | D:3      | Reached XP level 4. HP: 25/25 MP: 11/11
  1691 | D:3      | Killed Natasha
  1692 | D:3      | Reached skill level 2 in Short Blades
  1910 | D:3      | Found a sparkling altar of Nemelex Xobeh.
  1981 | D:3      | Noticed Natasha
  1987 | D:3      | Killed Natasha
  1988 | D:3      | Reached skill level 4 in Spellcasting
  1996 | D:3      | Noticed Natasha
  2002 | D:3      | Killed Natasha
  2003 | D:3      | Reached XP level 5. HP: 13/29 MP: 8/13
  2100 | D:4      | Found a stormy altar of Qazlal.
  2116 | D:4      | Noticed a black bear
  2156 | D:4      | Slain by a black bear

Illustrated notes

Levels and vault maps discovered:
D:1:      lemuel_arrival_tunnels, layout_basic,
          shapermc_ecumenical_altar_acropolis
D:2:      layout_basic, kennysheep_generic_room_14
D:3:      layout_loops_ring, nicolae_overflow_crystal_walls,
          nemelex_xobeh_ov_fountains_minmay, uniq_natasha
D:4:      layout_basic, mainiacjoe_overflow_boulevard, gammafunk_ghost_smash,
          uniq_grinder

Skill      XL: |  1  2  3  4 |
---------------+-------------+-----
Stealth        | 4 |  4.6
Fighting       | 1 |  1.5
Short Blades   | 2 |  2.2
Spellcasting   | 4 |  4.1
Dodging        | |  2.4
Hexes          | |  4.9

Action                     |  1- 3 |  4- 6 || total
---------------------------+-------+-------++-------
  Melee: Dagger            |   104 |    12 ||   116
         Punch             |     2 |       ||     2
   Cast: Ensorcelled Hiber |    25 |    10 ||    35
         Confusing Touch   |       |     1 ||     1
   Stab: Sleeping          |    21 |     6 ||    27
 Armour: Robe              |    10 |    10 ||    20
  Dodge: Dodged            |    71 |     5 ||    76

Table legend: (Time is in decaauts)
 A = Elapsed time spent in this place.
 B = Non-inter-level travel time spent in this place.
 C = Inter-level travel time spent in this place.
 D = Time resting spent in this place.
 E = Time spent auto-exploring this place.
 F = Levels seen in this place.
 G = Mean time per level.
                   A        B        C        D        E       F      G
               +--------+--------+--------+--------+--------+-----+--------+
         Total |   2156 |   2095 |     61 |    112 |   1523 |   4 |  539.0 |
       Dungeon |   2156 |   2095 |     61 |    112 |   1523 |   4 |  539.0 |
               +--------+--------+--------+--------+--------+-----+--------+

Top non-repeatable levels by time:
     D:1: 771 daAuts
     D:3: 718 daAuts
     D:2: 610 daAuts
     D:4: 55 daAuts
